| TOP OF THE 1ST |
|
Erie SeaWolves batting - Pitching for Montgomery Biscuits : RHP Kyle Thomas
|
|
Pitching: RHP Kyle Thomas
|
|
|
Batting: RHB Janne Vihko
|
0-0: Swinging Strike 0-1: DOUBLE (Flyball, 78D, EV 101.2 MPH)
|
|
Batting: RHB Norm Wood
|
0-0: Ground out 4-3 (Groundball, 34, EV 90.6 MPH) Janne Vihko to third
|
|
Batting: RHB Eric Angelle
|
0-0: Called Strike 0-1: Ball 1-1: Ball 2-1: Fly out, F8 (Flyball, 8RM, EV 91.2 MPH) Runner from 3rd tags up, SCORES, no throw by CF
|
|
Batting: RHB German Quiroga
|
0-0: Foul Ball, location: 2F 0-1: Ball 1-1: Swinging Strike 1-2: Foul Ball, location: 2F 1-2: Foul Ball, location: 2F 1-2: Strikes out swinging
|
| Top of the 1st over - 1 run, 1 hit, 0 errors, 0 left on base; Erie 1 - Montgomery 0 |
| BOTTOM OF THE 1ST |
|
Montgomery Biscuits batting - Pitching for Erie SeaWolves : RHP Jerome Stady
|
|
Pitching: RHP Jerome Stady
|
|
|
Batting: RHB Adam Turpin
|
0-0: Bunted foul 0-1: Ball 1-1: Ground out 5-3 (Groundball, 56, EV 103.1 MPH)
|
|
Batting: RHB Chris Thorson
|
0-0: Ground out 6-3 (Groundball, 56, EV 81.2 MPH)
|
|
Batting: SHB Wayne Hattan
|
0-0: Ball 1-0: Ball 2-0: Ball 3-0: Base on Balls
|
|
Batting: RHB Freddy Mullen
|
0-0: Ball 1-0: Ball 2-0: Ball 3-0: Called Strike 3-1: Swinging Strike 3-2: Ground out 5-3 (Groundball, 5D, EV 100.0 MPH)
|
| Bottom of the 1st over - 0 runs, 0 hits, 0 errors, 1 left on base; Erie 1 - Montgomery 0 |
| TOP OF THE 2ND |
|
Erie SeaWolves batting - Pitching for Montgomery Biscuits : RHP Kyle Thomas
|
|
Batting: RHB Joel Miller
|
0-0: Called Strike 0-1: Swinging Strike 0-2: Foul Ball, location: 2F 0-2: Ball 1-2: Ball 2-2: Strikes out swinging
|
|
Batting: RHB Keith Hoffman
|
0-0: Foul Ball, location: 2F 0-1: Swinging Strike 0-2: Ball 1-2: Fly out, F9 (Flyball, 9D, EV 79.4 MPH)
|
|
Batting: RHB Jon Goldstein
|
0-0: Called Strike 0-1: Ball 1-1: DOUBLE (Flyball, 8LXD, EV 95.0 MPH)
|
|
Batting: RHB Jaden Warrior
|
0-0: Ball 1-0: Swinging Strike 1-1: Ball 2-1: Swinging Strike 2-2: Ball 3-2: Strikes out swinging
|
| Top of the 2nd over - 0 runs, 1 hit, 0 errors, 1 left on base; Erie 1 - Montgomery 0 |
| BOTTOM OF THE 2ND |
|
Montgomery Biscuits batting - Pitching for Erie SeaWolves : RHP Jerome Stady
|
|
Batting: RHB Alex Zamora
|
0-0: Foul Ball, location: 2F 0-1: Ball 1-1: SINGLE (Groundball, 56D, EV 104.4 MPH)
|
|
Batting: SHB Julio Hernandez
|
0-0: Ball 1-0: Foul Ball, location: 2F 1-1: Ball 2-1: Grounds into double play, 3-6-3 (Groundball, 3, EV 108.1 MPH)
|
|
Batting: RHB Jason Penfield
|
0-0: Ground out 6-3 (Groundball, 6, EV 84.4 MPH)
|
| Bottom of the 2nd over - 0 runs, 1 hit, 0 errors, 0 left on base; Erie 1 - Montgomery 0 |
| TOP OF THE 3RD |
|
Erie SeaWolves batting - Pitching for Montgomery Biscuits : RHP Kyle Thomas
|
|
Batting: RHB Tanner Purchase
|
0-0: Swinging Strike 0-1: Ball 1-1: Foul Ball, location: 2F 1-2: Ball 2-2: SINGLE (Groundball, 6MS, EV 68.8 MPH) (infield hit)
|
|
Batting: RHB Janne Vihko
|
0-0: Foul Ball, location: 2F 0-1: Foul Ball, location: 2F 0-2: Strikes out swinging
|
|
Batting: RHB Norm Wood
|
0-0: Called Strike 0-1: Ball 1-1: Foul Ball, location: 2F 1-2: Ball 2-2: Strikes out swinging
|
|
Batting: RHB Eric Angelle
|
0-0: Called Strike Tanner Purchase is caught stealing 2nd base 2-4
|
| Top of the 3rd over - 0 runs, 1 hit, 0 errors, 0 left on base; Erie 1 - Montgomery 0 |
| BOTTOM OF THE 3RD |
|
Montgomery Biscuits batting - Pitching for Erie SeaWolves : RHP Jerome Stady
|
|
Batting: RHB Isaiah Easter
|
0-0: Called Strike 0-1: Fly out, F5 (Line Drive, 56, EV 67.5 MPH)
|
|
Batting: RHB Khalil Walker
|
0-0: Swinging Strike 0-1: Ball 1-1: Ground out 5-3 (Groundball, 56, EV 81.9 MPH)
|
|
Batting: RHB Adam Turpin
|
0-0: Ball 1-0: Ball 2-0: Called Strike 2-1: Foul Ball, location: 2F 2-2: SINGLE (Groundball, 6MD, EV 95.0 MPH)
|
|
Batting: RHB Chris Thorson
|
0-0: Ball 1-0: Ball 2-0: Ball 3-0: Called Strike 3-1: Fly out, F4 (Popup, 23, EV 88.1 MPH)
|
| Bottom of the 3rd over - 0 runs, 1 hit, 0 errors, 1 left on base; Erie 1 - Montgomery 0 |
| TOP OF THE 4TH |
|
Erie SeaWolves batting - Pitching for Montgomery Biscuits : RHP Kyle Thomas
|
|
Batting: RHB Eric Angelle
|
0-0: Ball 1-0: Fly out, F2 (Popup, 2RF, EV 90.0 MPH)
|
|
Batting: RHB German Quiroga
|
0-0: Ball 1-0: Swinging Strike 1-1: Swinging Strike 1-2: Ball 2-2: Ball 3-2: SINGLE (Line Drive, 34, EV 98.8 MPH)
|
|
Batting: RHB Joel Miller
|
0-0: Fly out, F7 (Flyball, 7, EV 93.1 MPH)
|
|
Batting: RHB Keith Hoffman
|
0-0: Foul Ball, location: 2F 0-1: Foul Ball, location: 2F 0-2: Strikes out swinging
|
| Top of the 4th over - 0 runs, 1 hit, 0 errors, 1 left on base; Erie 1 - Montgomery 0 |
| BOTTOM OF THE 4TH |
|
Montgomery Biscuits batting - Pitching for Erie SeaWolves : RHP Jerome Stady
|
|
Batting: SHB Wayne Hattan
|
0-0: Fly out, F7 (Flyball, 7LS, EV 82.5 MPH)
|
|
Batting: RHB Freddy Mullen
|
0-0: Ball 1-0: Foul Ball, location: 2F 1-1: Ball 2-1: Fly out, F9 (Flyball, 89D, EV 81.2 MPH)
|
|
Batting: RHB Alex Zamora
|
0-0: SINGLE (Flyball, 78S, EV 87.5 MPH)
|
|
Batting: SHB Julio Hernandez
|
0-0: Foul Ball, location: 2F 0-1: DOUBLE (Line Drive, 9LM, EV 111.9 MPH) Alex Zamora to third Runner from 3rd tries for Home, SAFE, no throw by RF
|
|
Batting: RHB Jason Penfield
|
0-0: Swinging Strike 0-1: Ball 1-1: Ball 2-1: Foul Ball, location: 2F 2-2: SINGLE (Groundball, 56D, EV 103.8 MPH) Julio Hernandez to third Runner from 3rd tries for Home, SAFE, throw by LF to home
|
|
Batting: RHB Isaiah Easter
|
0-0: Ball 1-0: Swinging Strike 1-1: Ball 2-1: Foul Ball, location: 2F 2-2: Foul Ball, location: 2F 2-2: Foul Ball, location: 2F 2-2: Foul Ball, location: 2F 2-2: Fielders Choice at 2nd, 6-4 (Groundball, 56, EV 89.4 MPH)
|
| Bottom of the 4th over - 2 runs, 3 hits, 0 errors, 1 left on base; Erie 1 - Montgomery 2 |
| TOP OF THE 5TH |
|
Erie SeaWolves batting - Pitching for Montgomery Biscuits : RHP Kyle Thomas
|
|
Batting: RHB Jon Goldstein
|
0-0: Ball 1-0: Foul Ball, location: 2F 1-1: Foul Ball, location: 2F 1-2: Ball 2-2: Ball 3-2: Strikes out swinging
|
|
Batting: RHB Jaden Warrior
|
0-0: Ball 1-0: Ball 2-0: Swinging Strike 2-1: DOUBLE (Line Drive, 3D, EV 103.8 MPH)
|
|
Batting: RHB Tanner Purchase
|
0-0: Called Strike 0-1: Ball 1-1: Swinging Strike 1-2: Foul Ball, location: 2F 1-2: Ball Wild Pitch! Jaden Warrior to third 2-2: Ground out 5-3 (Groundball, 5S, EV 62.5 MPH)
|
|
Batting: RHB Janne Vihko
|
0-0: Called Strike 0-1: Ball 1-1: SINGLE (Groundball, 15S, EV 75.0 MPH) (infield hit) Jaden Warrior scores
|
|
Batting: RHB Norm Wood
|
0-0: Called Strike 0-1: SINGLE (Groundball, 15S, EV 63.1 MPH) (infield hit) Janne Vihko to second
|
|
Batting: RHB Eric Angelle
|
0-0: Swinging Strike 0-1: Called Strike 0-2: Fly out, F8 (Flyball, 8RS, EV 92.5 MPH)
|
| Top of the 5th over - 1 run, 3 hits, 0 errors, 2 left on base; Erie 2 - Montgomery 2 |
| BOTTOM OF THE 5TH |
|
Montgomery Biscuits batting - Pitching for Erie SeaWolves : RHP Jerome Stady
|
|
Batting: RHB Khalil Walker
|
0-0: Foul Ball, location: 2F 0-1: Swinging Strike 0-2: Strikes out swinging
|
|
Batting: RHB Adam Turpin
|
0-0: Ground out 6-3 (Groundball, 6, EV 105.6 MPH)
|
|
Batting: RHB Chris Thorson
|
0-0: Ball 1-0: Foul Ball, location: 2F 1-1: Ball 2-1: Swinging Strike 2-2: Ball 3-2: Fly out, F8 (Flyball, 8RS, EV 86.9 MPH)
|
| Bottom of the 5th over - 0 runs, 0 hits, 0 errors, 0 left on base; Erie 2 - Montgomery 2 |
| TOP OF THE 6TH |
|
Erie SeaWolves batting - Pitching for Montgomery Biscuits : RHP Kyle Thomas
|
|
Batting: RHB German Quiroga
|
0-0: Called Strike 0-1: Ground out 5-3 (Groundball, 56, EV 104.4 MPH)
|
|
Batting: RHB Joel Miller
|
0-0: Ball 1-0: Fly out, F9 (Flyball, 9S, EV 80.6 MPH)
|
|
Batting: RHB Keith Hoffman
|
0-0: Swinging Strike 0-1: Ball 1-1: Fly out, F9 (Flyball, 89M, EV 83.8 MPH)
|
| Top of the 6th over - 0 runs, 0 hits, 0 errors, 0 left on base; Erie 2 - Montgomery 2 |
| BOTTOM OF THE 6TH |
|
Montgomery Biscuits batting - Pitching for Erie SeaWolves : RHP Jerome Stady
|
|
Batting: SHB Wayne Hattan
|
0-0: Ball 1-0: Called Strike 1-1: Ground out 2-3 (Groundball, 15S, EV 64.4 MPH)
|
|
Batting: RHB Freddy Mullen
|
0-0: Ball 1-0: SINGLE (Groundball, 56D, EV 107.5 MPH)
|
|
Batting: RHB Alex Zamora
|
0-0: Called Strike 0-1: Swinging Strike 0-2: Strikes out looking
|
|
Batting: SHB Julio Hernandez
|
0-0: Ground out 6-3 (Groundball, 56, EV 101.2 MPH)
|
| Bottom of the 6th over - 0 runs, 1 hit, 0 errors, 1 left on base; Erie 2 - Montgomery 2 |
| TOP OF THE 7TH |
|
Erie SeaWolves batting - Pitching for Montgomery Biscuits : RHP Kyle Thomas
|
|
Batting: RHB Jon Goldstein
|
0-0: Ball 1-0: Fly out, F8 (Line Drive, 8RS, EV 111.2 MPH)
|
|
Batting: RHB Jaden Warrior
|
0-0: Foul Ball, location: 2F 0-1: Foul Ball, location: 2F 0-2: Ball 1-2: Foul Ball, location: 2F 1-2: Ball 2-2: Strikes out swinging
|
|
Batting: RHB Tanner Purchase
|
0-0: Ball 1-0: Ball 2-0: Fly out, F8 (Flyball, 8LD, EV 90.0 MPH)
|
| Top of the 7th over - 0 runs, 0 hits, 0 errors, 0 left on base; Erie 2 - Montgomery 2 |
| BOTTOM OF THE 7TH |
|
Montgomery Biscuits batting - Pitching for Erie SeaWolves : RHP Jerome Stady
|
|
Batting: RHB Jason Penfield
|
0-0: Ground out 5-3 (Groundball, 5, EV 107.5 MPH)
|
|
Batting: RHB Isaiah Easter
|
0-0: Fly out, F8 (Flyball, 8LD, EV 99.4 MPH)
|
|
Batting: RHB Khalil Walker
|
0-0: Foul Ball, location: 2F 0-1: Ball 1-1: Foul Ball, location: 2F 1-2: Fly out, F8 (Line Drive, 8RD, EV 90.6 MPH)
|
| Bottom of the 7th over - 0 runs, 0 hits, 0 errors, 0 left on base; Erie 2 - Montgomery 2 |
| TOP OF THE 8TH |
|
Erie SeaWolves batting - Pitching for Montgomery Biscuits : RHP Kyle Thomas
|
|
Batting: RHB Janne Vihko
|
0-0: Foul Ball, location: 2F 0-1: Fly out, F8 (Flyball, 8RD, EV 106.2 MPH)
|
|
Batting: RHB Norm Wood
|
0-0: Ball 1-0: Ball 2-0: Fly out, F8 (Flyball, 8LS, EV 88.1 MPH)
|
|
Batting: RHB Eric Angelle
|
0-0: Ball 1-0: Swinging Strike 1-1: Foul Ball, location: 2F 1-2: SINGLE (Groundball, 5S, EV 67.5 MPH) (infield hit)
|
|
Pitching: RHP David Espinosa
|
|
|
Batting: RHB German Quiroga
|
0-0: Called Strike 0-1: Ball 1-1: Called Strike 1-2: Ground out 4-3 (Groundball, 34S, EV 78.1 MPH)
|
| Top of the 8th over - 0 runs, 1 hit, 0 errors, 1 left on base; Erie 2 - Montgomery 2 |
| BOTTOM OF THE 8TH |
|
Montgomery Biscuits batting - Pitching for Erie SeaWolves : RHP Jerome Stady
|
|
Batting: RHB Adam Turpin
|
0-0: Foul Ball, location: 2F 0-1: Ball 1-1: Fly out, F9 (Flyball, 89M, EV 88.8 MPH)
|
|
Batting: RHB Chris Thorson
|
0-0: SINGLE (Groundball, 6MS, EV 69.4 MPH) (infield hit)
|
|
Batting: SHB Wayne Hattan
|
0-0: Ball 1-0: Ball Chris Thorson steals 2nd base 2-0: Intentional Walk
|
|
Batting: RHB Freddy Mullen
|
0-0: Ball 1-0: Called Strike 1-1: Ball 2-1: Fly out, F6 (Line Drive, 6M, EV 74.4 MPH)
|
|
Batting: RHB Alex Zamora
|
0-0: Called Strike 0-1: Ground out 6-3 (Groundball, 56D, EV 105.0 MPH)
|
| Bottom of the 8th over - 0 runs, 1 hit, 0 errors, 2 left on base; Erie 2 - Montgomery 2 |
| TOP OF THE 9TH |
|
Erie SeaWolves batting - Pitching for Montgomery Biscuits : RHP David Espinosa
|
|
Batting: RHB Joel Miller
|
0-0: Fly out, F2 (Popup, 3SF, EV 86.2 MPH)
|
|
Pinch Hitting: LHB Jamie Christian
|
0-0: Ball 1-0: Called Strike 1-1: Ball 2-1: Foul Ball, location: 2F 2-2: Ground out 3-1 (Groundball, 34, EV 88.8 MPH)
|
|
Pinch Hitting: LHB Jon Frederick
|
0-0: Called Strike 0-1: Ball 1-1: Ball 2-1: Ball 3-1: Fly out, F4 (Popup, 4, EV 51.2 MPH)
|
| Top of the 9th over - 0 runs, 0 hits, 0 errors, 0 left on base; Erie 2 - Montgomery 2 |
| BOTTOM OF THE 9TH |
|
Montgomery Biscuits batting - Pitching for Erie SeaWolves : RHP Jerome Stady
|
|
Pitching: RHP Kyle Moore
|
|
|
Now at 1B: Jamie Christian
|
|
|
Now at 2B: Jaden Warrior
|
|
|
Now in RF: Jon Frederick
|
|
|
Batting: SHB Julio Hernandez
|
0-0: Ball 1-0: Called Strike 1-1: Foul Ball, location: 2F 1-2: Ball 2-2: Ground out U3 (Groundball, 3, EV 86.9 MPH)
|
|
Batting: RHB Jason Penfield
|
0-0: Called Strike 0-1: Ball 1-1: Ball 2-1: Called Strike 2-2: Ball 3-2: Base on Balls
|
|
Batting: RHB Isaiah Easter
|
0-0: Foul Ball, location: 2F 0-1: Swinging Strike 0-2: Ball 1-2: Foul Ball, location: 2F 1-2: Foul Ball, location: 2F 1-2: SINGLE (Groundball, 5L, EV 98.8 MPH) Jason Penfield to second
|
|
Pinch Hitting: LHB Rich Matthews
|
0-0: Ball 1-0: SINGLE (Line Drive, 7LS, EV 105.0 MPH) Jason Penfield to third Isaiah Easter to second Runner from 3rd tries for Home, throw by LF and OUT! 7-2 Isaiah Easter to third Rich Matthews to second
|
|
Batting: RHB Adam Turpin
|
0-0: Ball 1-0: Called Strike 1-1: Ball 2-1: SINGLE (Groundball, 13S, EV 73.1 MPH) (infield hit) Isaiah Easter scores
|
| Bottom of the 9th over - 1 run, 3 hits, 0 errors, 2 left on base; Erie 2 - Montgomery 3 |
|